 Dungeon Crawl Stone Soup version 0.31.0-9-g3a7656b989 (webtiles) character file.

Game seed: 10586339930271729787

453 qw the Skirmisher (level 6, -4/35 HPs)
             Began as a Deep Elf Hunter on Feb 2, 2024.
             Slain by a gnoll
             ... wielding a +0 whip
              (5 damage)
             ... on level 5 of the Dungeon.
             The game lasted 00:00:14 (3047 turns).

qw the Skirmisher (Deep Elf Hunter)                 Turns: 3047, Time: 00:00:15

Health: -4/35      AC:  8    Str: 10    XL:     6   Next: 75%
Magic:  8/8        EV: 11    Int: 14    God:
Gold:   206        SH:  0    Dex: 18    Spells: 5/5 levels left

rFire   . . .        a - +1 shortbow
rCold   . . .        (shield currently unavailable)
rNeg    . . .        l - +0 ring mail
rPois   +            b - +1 helmet
rElec   .            (no cloak)
rCorr   .            o - +0 pair of gloves
SInv    +            (no boots)
Will    .....        (no amulet)
Stlth   +            d - ring of see invisible
HPRegen 0.25/turn    i - ring of poison resistance
MPRegen 0.11/turn

%: no passive effects
@: no status effects
A: no striking features
a: no special abilities


You were on level 5 of the Dungeon.
You visited 1 branch of the dungeon, and saw 5 of its levels.

You collected 291 gold pieces.
You spent 85 gold pieces at shops.


   Skills:
 - Level 2.1 Fighting
 - Level 10.3 Ranged Weapons
 + Level 0.2 Armour
 - Level 2.4 Dodging
 - Level 1.2 Stealth


You had 5 spell levels left.
You didn't know any spells.
Your spell library was empty.

Inventory:

Hand Weapons
 a - a +1 shortbow (weapon)
Armour
 b - a +1 helmet (worn)
 l - a +0 ring mail (worn)
 n - a +1 robe of fire resistance
 o - a +0 pair of gloves (worn)
Jewellery
 d - a ring of see invisible (left hand)
 i - a ring of poison resistance (right hand)
 j - a +4 ring of protection
Wands
 q - a wand of flame (14)
Potions
 c - a potion of might
 f - a potion of cancellation
 g - 3 potions of enlightenment
 h - a potion of mutation {unknown}
 k - 2 potions of curing

Dungeon Overview and Level Annotations

Branches:
Dungeon (5/15)             Temple (0/1) D:4

Altars:
Gozag
Nemelex Xobeh
Trog

Shops:
D:2 [


Message History

Done exploring.
What level of the Dungeon? (default 4, ? - help)
You swap places.
There is a stone staircase leading down here.
You climb downwards.
Your summoned allies are left behind.
You hear the hiss of flowing sand.
There is an entrance to an ossuary on this level.
Hurry and find it before the portal is buried!
The gnoll shouts! x4
There is a stone staircase leading up here.
There are monsters nearby!
Waypoint 4 assigned to D:5.
3039 ||| PLANNING OSSUARY;
3039 ||| STAIRDANCE The gnoll throws a throwing net.
The throwing net hits you.
You become entangled in the net!
You stop ascending the stairs.
The gnoll hits you with a +0 spear.
You struggle against the net.
The gnoll hits you but does no damage. The gnoll hits you with a +0 spear.
You tear a large gash into the net.
The gnoll hits you with a +0 whip. x2; The gnoll hits you but does no damage.
You shred the net and break free! The gnoll hits you with a +0 whip.
The gnoll barely misses you. The gnoll hits you but does no damage.
The gnoll closely misses you.
You shoot an arrow. The arrow hits the gnoll!
The gnoll is severely wounded.
The gnoll hits you with a +0 whip. The gnoll closely misses you.
The gnoll hits you but does no damage. The gnoll barely misses you.
You shoot an arrow. The arrow barely misses the gnoll.
The gnoll barely misses you. The gnoll misses you.
The gnoll hits you but does no damage. The gnoll closely misses you.
You shoot an arrow. The arrow hits the gnoll!
You kill the gnoll!
The gnoll barely misses you. The gnoll closely misses you.
The gnoll barely misses you.
You shoot an arrow.
The arrow hits the gnoll but does no damage.
The gnoll hits you with a +0 whip. The gnoll hits you with a +0 whip!
The gnoll misses you.
You shoot an arrow. The arrow closely misses the gnoll.
The gnoll hits you with a +0 whip.
You die...

##########
#.....g..####
......g@)...#
#.######g##.#
.# .# .# .#
.# .#


You could see 3 gnolls.

Vanquished Creatures
  An ice beast (D:4)
  A black bear (D:4)
  An ogre (D:4)
  An orc priest (D:4)
  Robin (D:2)
  3 adders
  A gnoll (D:5)
  4 dart slugs
  A ribbon worm (D:2)
  5 orcs
  5 ball pythons
  5 endoplasms
  2 giant cockroaches
  16 goblins
  9 hobgoblins
  16 kobolds
  5 quokkas
  7 bats
  3 frilled lizards
  7 rats
94 creatures vanquished.

Notes
Turn   | Place    | Note
-------+----------+-------------------------------------------
     0 | D:1      | qw the Deep Elf Hunter began the quest for the Orb.
     0 | D:1      | Reached XP level 1. HP: 12/12 MP: 3/3
     0 | D:1      | 0 ||| qw: Version: 0.3-a-155-g5e7d8dd
     0 | D:1      | 0 ||| qw: Game counter: 2531
     0 | D:1      | 0 ||| qw: Melee chars always use a shield: true
     0 | D:1      | 0 ||| qw: God list: Okawaru
     0 | D:1      | 0 ||| qw: Allow faded altars: false
     0 | D:1      | 0 ||| qw: Do Orc after clearing Dungeon:15 true
     0 | D:1      | 0 ||| qw: Do second Lair branch before Depths: true
     0 | D:1      | 0 ||| qw: Lair rune preference: random
     0 | D:1      | 0 ||| qw: Goals: Normal
     0 | D:1      | 0 ||| PLANNING D:1-11
   117 | D:1      | Reached XP level 2. HP: 16/16 MP: 4/4
   119 | D:1      | Reached skill level 6 in Ranged Weapons
   617 | D:1      | You fall into a shaft and drop 1 floor!
   619 | D:2      | 619 ||| UPGRADING to +0 scale mail.
   629 | D:2      | 629 ||| DROPPING +0 leather armour.
   630 | D:2      | 630 ||| UPGRADING to ring of see invisible.
   631 | D:2      | 631 ||| READING 3 scrolls labelled DAROOP JOEQUMY.
   631 | D:2      | 631 ||| IDENTIFYING 2 red potions
   632 | D:2      | 632 ||| READING 2 scrolls of identify.
   632 | D:2      | 632 ||| IDENTIFYING scroll labelled PEGECU VORONA
   633 | D:2      | 633 ||| DROPPING scroll of butterflies.
   634 | D:2      | 634 ||| DROPPING scroll of blinking.
   719 | D:2      | Noticed Robin
   720 | D:2      | 720 ||| RETREEEEATING.
   730 | D:2      | Reached XP level 3. HP: 18/20 MP: 5/5
   738 | D:2      | Killed Robin
   741 | D:2      | Reached skill level 7 in Ranged Weapons
   746 | D:2      | HP: 4/20 [goblin/+3 dagger[Robin] (2)]
  1059 | D:2      | Found Digryaph's Antique Armour Emporium.
  1078 | D:2      | 1078 ||| SHOPLISTING encrusted ring mail (207 gold, have
                  | 120).
  1078 | D:2      | 1078 ||| BUYING glowing robe (85 gold).
  1078 | D:2      | Bought a glowing robe for 85 gold pieces
  1078 | D:2      | 1078 ||| SHOPLISTING runed leather armour (115 gold, have
                  | 35).
  1384 | D:2      | 1384 ||| UPGRADING to +0 helmet.
  1389 | D:2      | 1389 ||| UPGRADING to +0 ring mail.
  1399 | D:2      | 1399 ||| DROPPING +0 scale mail.
  1400 | D:2      | 1400 ||| UPGRADING to ring of poison resistance.
  1401 | D:2      | 1401 ||| READING scroll of identify.
  1401 | D:2      | 1401 ||| IDENTIFYING purple potion
  1402 | D:2      | 1402 ||| READING scroll labelled OFACUN ONIYKLA.
  1403 | D:2      | 1403 ||| READING scroll labelled MEMIPYU FICKO.
  1403 | D:2      | 1403 ||| ENCHANTING +0 helmet.
  1404 | D:2      | 1404 ||| READING scroll labelled WODAODA GUBAL.
  1404 | D:2      | 1404 ||| ENCHANTING +0 shortbow.
  1405 | D:2      | 1405 ||| DRINKING 2 emerald potions.
  1436 | D:2      | 1436 ||| DROPPING potion of lignification.
  1523 | D:3      | Reached XP level 4. HP: 25/25 MP: 6/6
  1844 | D:3      | Found a sparkling altar of Nemelex Xobeh.
  1879 | D:3      | Reached skill level 8 in Ranged Weapons
  1997 | D:3      | Found a bloodstained altar of Trog.
  2188 | D:3      | 2188 ||| DRINKING 2 fizzy coppery potions.
  2189 | D:3      | 2189 ||| DRINKING 2 murky brown potions.
  2190 | D:3      | 2190 ||| DROPPING potion of attraction.
  2301 | D:4      | Found an opulent altar of Gozag.
  2427 | D:4      | Noticed an ice beast
  2438 | D:4      | HP: 6/25 [ice beast (7)]
  2445 | D:4      | Killed an ice beast
  2446 | D:4      | Reached skill level 9 in Ranged Weapons
  2446 | D:4      | Reached XP level 5. HP: 9/29 MP: 7/7
  2533 | D:4      | Found a staircase to the Ecumenical Temple.
  2534 | D:4      | 2534 ||| PLANNING TEMPLE
  2600 | D:4      | 2600 ||| FLEEEEING.
  2601 | D:4      | 2601 ||| FLEEEEING.
  2602 | D:4      | 2602 ||| FLEEEEING.
  2603 | D:4      | 2603 ||| FLEEEEING.
  2621 | D:4      | 2621 ||| FLEEEEING.
  2664 | D:4      | Reached XP level 6. HP: 33/33 MP: 8/8
  2938 | D:4      | Reached skill level 10 in Ranged Weapons
  3022 | D:4      | 3022 ||| UPGRADING to +0 pair of gloves.
  3027 | D:4      | 3027 ||| READING scroll of identify.
  3027 | D:4      | 3027 ||| IDENTIFYING glowing green potion
  3028 | D:4      | 3028 ||| READING scroll labelled IWNADGHUI KOJUX.
  3032 | D:4      | 3032 ||| READING scroll labelled YSHEPO POVACW.
  3033 | D:4      | 3033 ||| DRINKING 2 sedimented coppery potions.
  3034 | D:4      | 3034 ||| DROPPING potion of magic.
  3038 | D:5      | Entered Level 5 of the Dungeon
  3039 | D:5      | 3039 ||| PLANNING OSSUARY
  3039 | D:5      | 3039 ||| STAIRDANCE
  3046 | D:5      | HP: 1/35 [gnoll/+0 whip (8)]
  3047 | D:5      | Slain by a gnoll

Levels and vault maps discovered:
D:1:      matt_arrival_grand_opening, layout_basic
D:2:      layout_basic, serial_shops, shop, uniq_robin
D:3:      layout_loops_ring, lemuel_doored_altar, trog_hazing_becter,
          minmay_puff
D:4:      layout_rooms, kennysheep_mini, minmay_temple_entry_from_below_a
D:5:      minmay_spotlight, layout_loops_ring, eat_drink_and_be_merry_uskayaw,
          nicolae_tso_carved_into_rock, grunt_temple_overflow_order_and_chaos_2,
          nicolae_ossuary_entry_plus, serial_glass, glass_columns_a,
          glass_columns_a

Skill      XL: |  1  2  3  4  5  6 |
---------------+-------------------+-----
Ranged Weapons | 6 7 9 10 | 10.3
Fighting       | 2 |  2.1
Armour         | |  0.2
Dodging        | |  2.4
Stealth        | |  1.2

Action                     |  1- 3 |  4- 6 || total
---------------------------+-------+-------++-------
   Fire: Shortbow          |   135 |   142 ||   277
    Use: Scroll            |     6 |     3 ||     9
         Potion            |     1 |     3 ||     4
 Armour: Leather armour    |    14 |       ||    14
         Scale mail        |    34 |       ||    34
         Ring mail         |     1 |    52 ||    53
  Dodge: Dodged            |    21 |    43 ||    64

Table legend:
 A = Non-vault XP
 B = Vault XP
 C = Vault XP percentage of total XP
 D = Non-vault monster count
 E = Vault monster count
 F = Vault count percentage of total count
                 A         B        C        D         E       F
            +---------+---------+-------+---------+---------+-------
      Total |     596 |      52 |   8.0 |      73 |      21 |  22.3
            +---------+---------+-------+---------+---------+-------
        D:1 |      32 |       0 |   0.0 |      21 |       0 |   0.0
        D:2 |      23 |      35 |  60.3 |      13 |      11 |  45.8
        D:3 |      59 |      17 |  22.4 |      19 |      10 |  34.5
        D:4 |     468 |       0 |   0.0 |      19 |       0 |   0.0
        D:5 |      14 |       0 |   0.0 |       1 |       0 |   0.0
            +---------+---------+-------+---------+---------+-------
